 Dungeon Crawl Stone Soup version 0.26-a0-597-gb535b0901c (webtiles) character file.

Game seed: 4271889575973581120

(classic levelgen) 232848 EnegeticOcto the Severer (level 17, -8/170 HPs)
             Began as a Deep Dwarf Fighter on Sept 8, 2020.
             Was the Champion of Makhleb.
             Mangled by a golden dragon (16 damage)
             ... on level 5 of the Depths.
             The game lasted 00:18:06 (18009 turns).

EnegeticOcto the Severer (Deep Dwarf Fighter)      Turns: 18009, Time: 00:18:06

Health: -8/170     AC: 38    Str: 29    XL:     17   Next: 89%
Magic:  17/17      EV:  7    Int: 10    God:    Makhleb [******]
Gold:   205        SH: 21    Dex: 17    Spells: 16/16 levels left

rFire    . . .     SeeInvis +   b - +14 obsidian axe {vorpal, +Fly SInv *Curse} (curse)
rCold    . . .     Faith    +   Y - +0 tower shield
rNeg     + . .     Spirit   .   O - +7 chain mail "Kaceobye" {rElec Str+3 Dex+3}
rPois    .         Reflect  .   k - +2 helmet
rElec    +         Harm     .   z - +2 cloak
rCorr    .                      p - +2 pair of gloves
MR       +++..                  D - +2 pair of boots {rampage}
Stlth    ..........             A - amulet "Demnumau" {Faith rC- MR+ Dex+2}
HPRegen  0.00/turn              Q - ring of protection from cold
MPRegen  0.15/turn              M - +4 ring of protection

@: mesmerised, non-regenerating
A: damage resistance, heal wounds, negative energy resistance 1, sense
surroundings 2, no regeneration
}: 3/15 runes: decaying, serpentine, abyssal
a: Heal Wounds, Minor Destruction, Lesser Servant of Makhleb, Major Destruction,
Greater Servant of Makhleb, Renounce Religion, Evoke Flight


You were on level 5 of the Depths.
You worshipped Makhleb.
Makhleb was exalted by your worship.
You visited 7 branches of the dungeon, and saw 37 of its levels.
You visited the Abyss 2 times.

You collected 3109 gold pieces.
You spent 2904 gold pieces at shops.

Inventory:

Hand Weapons
 a - a +9 broad axe of flaming
 b - the cursed +14 obsidian axe (weapon) {vorpal, +Fly SInv *Curse}
   (You acquired it on level 8 of the Dungeon)

   It inflicts extra damage upon your enemies.
   It lets you see invisible.
   It lets you fly.
   It curses itself when equipped.
   It has a curse placed upon it.
 w - a +2 hand axe of distortion
Missiles
 m - 2 throwing nets (quivered)
Armour
 k - a +2 helmet (worn)
 p - a +2 pair of gloves (worn)
 z - a +2 cloak (worn)
 D - a +2 pair of boots of rampaging (worn)
 E - a +3 chain mail of poison resistance
 O - the +7 chain mail "Kaceobye" (worn) {rElec Str+3 Dex+3}
   (You bought it in a shop on level 2 of the Orcish Mines)

   It affects your strength (+3).
   It affects your dexterity (+3).
   It insulates you from electricity.
 Y - a +0 tower shield (worn)
Jewellery
 x - an uncursed amulet of reflection
 A - the amulet "Demnumau" (around neck) {Faith rC- MR+ Dex+2}
   (You acquired it on level 8 of the Dungeon)

   [amulet of faith]

   It allows you to gain divine favour quickly.
   It affects your dexterity (+2).
   It makes you vulnerable to cold.
   It affects your resistance to hostile enchantments.
 M - a +4 ring of protection (right hand)
 P - an uncursed ring of resist corrosion
 Q - a ring of protection from cold (left hand)
 W - a cursed amulet of inaccuracy {unknown}
Wands
 s - a wand of paralysis (16)
 C - a wand of iceblast (18) {@v2}
 H - a wand of acid (11) {@v1}
 I - a wand of disintegration (30)
 L - a wand of digging (9) {@v3}
Scrolls
 c - a scroll of summoning
 e - 9 scrolls of teleportation {@r3}
 i - 3 scrolls of enchant armour
 j - 7 scrolls of magic mapping {@r5}
 q - a scroll of enchant weapon
 t - a scroll of fog
 u - 4 scrolls of remove curse {@r2}
 y - a scroll of fear
 B - 4 scrolls of vulnerability
 R - 2 scrolls of blinking
 S - 2 scrolls of identify {@r1}
 V - 3 scrolls of immolation {@r4}
Potions
 d - 4 potions of might {@q3}
 f - 2 potions of haste {@q4}
 g - 2 potions of berserk rage
 h - 5 potions of cancellation
 l - a potion of heal wounds {@q2}
 n - 6 potions of lignification {@q7}
 o - 10 potions of curing {@q1}
 r - 2 potions of mutation
 v - 3 potions of resistance {@q6}
 F - 4 potions of magic
 G - 4 potions of stabbing {@q5}
 J - a potion of ambrosia
 N - 3 potions of flight
 U - a potion of invisibility
Miscellaneous
 K - a tin of tremorstones (3/3)
 T - a condenser vane (2/2)


   Skills:
 * Level 15.1 Fighting
 - Level 18.0 Axes
 + Level 14.1 Armour
 + Level 14.0 Shields
 + Level 15.5 Invocations
 - Level 10.0 Evocations


You had 16 spell levels left.
You didn't know any spells.
Your spell library was empty.

Dungeon Overview and Level Annotations

Branches:
Dungeon (15/15)            Temple (1/1) D:5            Lair (6/6) D:10
  Swamp (4/4) Lair:4        Snake (4/4) Lair:3          Orc (2/2) D:11
    Elf (0/3) Orc:2        Vaults (0/5) D:14         Depths (5/5) D:15
    Zot (0/5) Depths:5
  Slime: Lair:5-6

Altars:
Ashenzari
Dithmenos
Elyvilon
Fedhas
Gozag
Hepliaklqana
Kikubaaqudgha
Makhleb
Nemelex Xobeh
Okawaru
Qazlal
Ru
Sif Muna
Trog
Uskayaw
Vehumet
Wu Jian
Xom
Yredelemnul
Zin
The Shining One
Beogh

Shops:
D:4 *   D:6 *   D:8 :   D:9 :   Orc:2 *:*[(   Snake:2 =   Snake:3 }
Snake:4 }}=   Depths:5 =!

Portals:
Hell: Depths:1 Depths:2 Depths:4 Depths:5

Annotations:
D:3 3 runed translucent doors, p0werm0de's ghost, amateur MiFi
D:11 3 runed translucent doors, Aliaxzyxt's ghost, journeyman DrCj


Innate Abilities, Weirdness & Mutations

You are resistant to damage.
You can heal yourself by infusing magical energy.
You resist negative energy. (rN+)
You passively map the area around you.
You do not regenerate.


Message History

No target in view!
No target in view!
No target in view!
No target in view!
No target in view!
No target in view!
No target in view!
No target in view!
No target in view!
No target in view!
No target in view!
No target in view!
No target in view!
No target in view!
No target in view!
No target in view!
You swap places.
Things that are here:
a +0 halberd; a black draconian corpse
Found 34 gold pieces.
You now have 205 gold pieces (gained 25).
You open the door.
A red draconian annihilator comes into view.
It is wielding a +0 whip.
Visions of slaying the red draconian annihilator flood into your mind.
The red draconian annihilator roars!
The red draconian annihilator points at you and mumbles some strange words.
The bolt of lightning hits your crimson imp!!
Your crimson imp dies!
The bolt of lightning hits you! You resist.
You rampage towards the red draconian annihilator!
A fire dragon and a golden dragon come into view.
The fire dragon roars deafeningly!
The red draconian annihilator points at you and mumbles some strange words.
You block the poison arrow.
Found a gate to the Realm of Zot.
You rampage towards the red draconian annihilator!
You closely miss the red draconian annihilator.
The red draconian annihilator barely misses you.
You hit the red draconian annihilator.
The red draconian annihilator is lightly wounded.
Your ynoxinul gestures.
Your neqoxec gestures.
You block the red draconian annihilator's attack.
You completely miss the red draconian annihilator.
The red draconian annihilator is lightly wounded.
The red draconian annihilator points at you and mumbles some strange words.
You block the poison arrow.
You slice the red draconian annihilator!!
The red draconian annihilator is moderately wounded.
You barely miss the golden dragon. You slice the fire dragon!!
Visions of slaying the golden dragon flood into your mind.
The fire dragon breathes flames at you.
The blast of flame hits you but does no damage.
You slice the fire dragon!!
The fire dragon is severely wounded.
You closely miss the golden dragon.
You slash the red draconian annihilator!
You open a gate to Pandemonium!
A demon appears!
Your ufetubus disappears in a puff of smoke!
The red draconian annihilator hits you but does no damage.
The golden dragon closely misses you. You block the golden dragon's attack.
The golden dragon tramples you but does no damage.
You slash the fire dragon!
The fire dragon is almost dead.
You barely miss the red draconian annihilator.
You slash the golden dragon! You block the fire dragon's attack. x3
The red draconian annihilator casts a spell at you.
The crystal spear hits you!!!
* * * LOW HITPOINT WARNING * * *
The golden dragon bites you!!
* * * LOW HITPOINT WARNING * * *
You block the golden dragon's attack.
The golden dragon tramples you but does no damage.
You are too injured to fight recklessly!
You are too injured to fight recklessly!
You are too injured to fight recklessly!
You are too injured to fight recklessly!
You are too injured to fight recklessly!
You are too injured to fight recklessly!
You are too injured to fight recklessly!
You are too injured to fight recklessly!
You are too injured to fight recklessly!
You are too injured to fight recklessly!
You are too injured to fight recklessly!
You are too injured to fight recklessly!
You are too injured to fight recklessly!
You are too injured to fight recklessly!
You are too injured to fight recklessly!
You are too injured to fight recklessly!
You are too injured to fight recklessly!
You are too injured to fight recklessly!
You are too injured to fight recklessly!
You are too injured to fight recklessly!
You are too injured to fight recklessly!
You feel much better. The fire dragon closely misses you.
You block the fire dragon's attack. x2
The red draconian annihilator gestures at you while chanting.
The iron shot hits you!!!
* * * LOW HITPOINT WARNING * * *
The golden dragon bites you!
You die...

...#...##....≈§ , .......#
....#### ###### * * ........
...##. , ,, ....###.......
..##... , , , ......##......
..#....* #### #####.....##.....
§§#...###..., , $..##.....#.....
≈§#....#..#########..##....##....
,*#...#.##....D..##..##....'....
##..'.#.∩...q@3.55..#..).'....
##...#.##....D3.##35##..).'....
,,#...4#).#########).##..).##....
, #).)###.........).##.....#.....
, #....##############.....##.....
##.....................##.....#
,##.°..........†.....###≈≈....#
,,####################......... *
* #..##............


You could see a golden dragon (mesmerising), a fire dragon (catching breath), a
red draconian annihilator, a friendly sun demon (summoned), a friendly neqoxec
(summoned), a friendly ynoxinul (summoned), a friendly crimson imp (summoned), a
friendly shadow imp (summoned) and a friendly ufetubus (summoned).

Vanquished Creatures
  A bone dragon (Swamp:4)
  Jory (Depths:5)
  2 tentacled starspawn (Abyss:3)
  Kirke (Swamp:1)
  A tengu reaver (Depths:4)
  3 fire giants
  4 nagarajas (Snake:4)
  A frost giant (Depths:5)
  Louise (Swamp:3)
  A draconian annihilator (Depths:5)
  2 vampire knights
  A stone giant (Depths:2)
  3 very ugly things (Depths:4)
  A green draconian (Depths:5)
  A black draconian (Depths:5)
  A red draconian (Depths:5)
  4 spark wasps (Depths:5)
  A white draconian (Depths:5)
  An ettin (Depths:4)
  2 great orbs of eyes
  2 yaktaur captains
  A fire dragon (Depths:1)
  4 naga warriors
  3 ice dragons
  5 hydras
  3 spriggan air magi (Depths:5)
  3 ghost crabs
  6 alligators
  3 anacondas
  A two-headed ogre (shapeshifter) (Depths:1)
  A shambling mangrove (Swamp:3)
  A death knight (D:12)
  4 centaur warriors
  An ogre mage (Depths:2)
  2 two-headed ogres
  A deep troll earth mage (Depths:2)
  3 orc high priests (Orc:2)
  2 spriggan berserkers
  4 hell hogs (Abyss:3)
  2 sun demons
  4 shock serpents
  2 naga sharpshooters (Snake:4)
  2 wretched stars (Abyss:3)
  A fire crab (shapeshifter) (D:14)
  5 naga ritualists
  A hell knight (Depths:5)
  4 unseen horrors
  A death drake (Swamp:4)
  2 deep trolls (Depths:2)
  2 swamp dragons
  2 glowing orange brains
  2 spriggan druids
  2 large abominations (Abyss:3)
  2 spectral hydras (Swamp:4)
  4 phantasmal warriors
  3 orc knights
  2 necromancers
  4 mana vipers
  A manticore (D:15)
  8 ugly things
  6 orc sorcerers (Orc:2)
  3 salamanders
  3 cyclopes
  An apocalypse crab (Abyss:3)
  6 elephants
  2 smoke demons
  4 naga magi
  A moth of wrath (shapeshifter) (Depths:5)
  Psyche (D:11)
  17 black mambas
  A guardian serpent (Lair:3)
  Maurice (D:12)
  15 cane toads
  4 gargoyles
  A redback zombie (D:15)
  4 yaktaurs
  A spark wasp simulacrum (Depths:1)
  8 komodo dragons
  2 kobold demonologists (D:13)
  2 hellwings
  4 swamp worm zombies (Swamp:4)
  A freezing wraith (D:13)
  3 hydra zombies (Swamp:4)
  A red devil (Depths:5)
  2 ancient zymes (Abyss:3)
  A demonic crawler (Abyss:1)
  A polar bear (Lair:1)
  8 trolls
  6 meliai (D:14)
  3 tyrant leeches
  9 hornets
  Grinder (D:6)
  18 slime creatures
  9 blink frogs
  4 spectral swamp dragons (Swamp:4)
  A dream sheep (shapeshifter) (Depths:2)
  An ice dragon zombie (Depths:1)
  7 bog bodies
  5 hippogriffs
  4 alligator zombies (Swamp:4)
  A deep troll skeleton (Depths:1)
  A ynoxinul (Abyss:1)
  A flying skull (Abyss:3)
  4 spriggans
  22 yaks
  A vampire (D:13)
  2 wyverns
  2 basilisks (Lair:3)
  8 fire bats
  4 hogs (Swamp:1)
  5 wraiths
  Grum (D:8)
  A neqoxec (Abyss:3)
  A small abomination (Abyss:3)
  A golden eye (shapeshifter) (D:14)
  3 wargs
  14 vampire mosquitoes
  A soldier ant (D:12)
  8 insubstantial wisps (Swamp:4)
  21 nagas
  9 swamp worms
  14 water moccasins
  3 sky beasts
  11 ice beasts
  A hornet zombie (D:9)
  6 porcupines
  4 black bears
  2 swamp dragon zombies (Swamp:4)
  An eye of draining (D:13)
  30 orc warriors
  4 phantoms (Swamp:4)
  2 swamp drakes (Swamp:3)
  13 ogres
  4 wolves
  18 centaurs
  5 crocodiles
  15 bullfrogs
  A big kobold (D:10)
  A wyvern zombie (D:12)
  3 scorpions
  9 killer bees
  A wight (D:13)
  3 howler monkeys (D:7)
  An electric eel (Lair:2)
  A crimson imp (Depths:5)
  2 centaur zombies (D:6)
  16 starcursed masses (Abyss:3)
  6 hounds
  A bullfrog zombie (D:13)
  16 orc priests
  2 bullfrog skeletons
  8 jellies
  25 orc wizards
  2 centaur skeletons
  2 iguanas
  2 spectral swamp drakes (Swamp:4)
  10 worker ants
  2 hound skeletons
  2 worker ant zombies
  Robin (D:3)
  8 gnolls
  A howler monkey skeleton (D:11)
  9 adders
  3 shadow imps
  2 ufetubi
  An ooze (D:4)
  An adder zombie (D:6)
  An adder skeleton (D:4)
  A worm (D:2)
  A dart slug (D:2)
  5 leopard geckos
  76 orcs
  A bat (D:3)
  2 giant cockroaches
  6 hobgoblins
  8 jackals
  8 kobolds
  8 quokkas
  2 ball pythons
  2 frilled lizards
  13 goblins
  A quokka skeleton (D:5)
  A rat (D:3)
  2 starspawn tentacles (Abyss:3)
835 creatures vanquished.

Vanquished Creatures (collateral kills)
  A tengu reaver (Depths:4)
  2 nagarajas (Snake:4)
  2 fire giants
  A frost giant (Depths:4)
  An orc warlord (Orc:2)
  2 spriggan defenders (Depths:5)
  2 red draconians (Depths:5)
  A fire dragon (Depths:5)
  A death knight (D:13)
  3 naga warriors
  A deep troll shaman (Depths:2)
  An orc high priest (Orc:2)
  A naga sharpshooter (Snake:4)
  2 hell knights (Depths:5)
  A wretched star (Abyss:3)
  A naga ritualist (Snake:4)
  A glowing orange brain (Depths:3)
  2 necromancers (Depths:5)
  3 orc knights (Orc:2)
  A manticore (D:12)
  An orc sorcerer (Orc:2)
  A mana viper (Snake:4)
  A cyclops (D:12)
  3 ugly things
  4 elephants
  5 black mambas
  3 naga magi (Snake:4)
  A guardian serpent (Snake:2)
  A torpor snail (Lair:4)
  3 cane toads
  2 centaur skeletons
  A freezing wraith (D:12)
  A komodo dragon (Lair:3)
  A spriggan skeleton (Depths:1)
  A rime drake (Lair:3)
  A yaktaur (Depths:3)
  A polar bear (shapeshifter) (D:14)
  A wind drake (shapeshifter) (D:14)
  2 trolls (Orc:2)
  2 blink frogs (Lair:3)
  2 slime creatures
  3 hippogriffs
  3 starcursed masses (Abyss:3)
  A wraith (D:13)
  17 yaks
  2 wargs
  An acid dragon (D:15)
  9 nagas
  A porcupine (Lair:3)
  A black bear (D:11)
  8 orc warriors
  An eye of draining (D:13)
  2 ice beasts (D:10)
  2 ogres
  2 centaurs
  A bullfrog (Lair:4)
  A scorpion (D:10)
  A killer bee (D:10)
  A crimson imp (Depths:4)
  A bullfrog zombie (D:12)
  3 orc priests
  A hound zombie (D:9)
  8 orcs
  A kobold (D:10)
  A quokka zombie (D:9)
140 creatures vanquished.

Vanquished Creatures (others)
  A hydra (Swamp:4)
  A water moccasin (Lair:6)
  A swamp dragon zombie (Swamp:4)
  A big kobold (shapeshifter) (Depths:2)
  A crimson imp (Depths:4)
  An orc priest (Orc:2)
  38 fungi
  18 plants
  3 starspawn tentacles (Abyss:3)
65 creatures vanquished.

Grand Total: 1040 creatures vanquished

Notes
Turn   | Place    | Note
-------+----------+-------------------------------------------
     0 | D:1      | EnegeticOcto the Deep Dwarf Fighter began the quest for the
                  | Orb.
     0 | D:1      | Reached XP level 1. HP: 20/20 MP: 1/1
     3 | D:1      | Noticed an electric eel
     3 | D:1      | Noticed an electric eel
   136 | D:2      | Reached XP level 2. HP: 25/27 MP: 2/2
   200 | D:2      | Reached skill level 3 in Axes
   200 | D:2      | Reached XP level 3. HP: 22/33 MP: 3/3
   260 | D:3      | Found a runed translucent gate.
   261 | D:3      | Found a runed translucent gate.
   262 | D:3      | Found a runed translucent gate.
   263 | D:3      | Noticed p0werm0de's ghost (amateur MiFi)
   299 | D:3      | Noticed Robin
   318 | D:3      | Killed Robin
   318 | D:3      | Reached XP level 4. HP: 20/42 MP: 4/4
   484 | D:4      | Found Ceoqykirch's General Store.
   495 | D:4      | Bought a scroll of magic mapping for 49 gold pieces
   556 | D:4      | Reached skill level 4 in Axes
   571 | D:4      | Reached XP level 5. HP: 38/49 MP: 5/5
   860 | D:4      | Reached XP level 6. HP: 49/56 MP: 6/6
  1008 | D:5      | Entered Level 5 of the Dungeon
  1028 | D:5      | Noticed an ice beast
  1043 | D:5      | Killed an ice beast
  1043 | D:5      | Reached skill level 5 in Axes
  1198 | D:5      | Noticed a sky beast
  1213 | D:5      | Killed a sky beast
  1213 | D:5      | Reached XP level 7. HP: 36/64 MP: 7/7
  1266 | D:5      | Found a staircase to the Ecumenical Temple.
  1276 | D:5      | Reached skill level 5 in Armour
  1276 | D:5      | Reached skill level 5 in Shields
  1279 | Temple   | Entered the Ecumenical Temple
  1398 | Temple   | Became a worshipper of Makhleb the Destroyer
  1445 | D:5      | Reached skill level 6 in Axes
  1524 | D:5      | Reached skill level 1 in Invocations
  1636 | D:5      | Reached XP level 8. HP: 56/73 MP: 8/8
  2040 | D:6      | Noticed Grinder
  2046 | D:6      | Reached skill level 7 in Axes
  2050 | D:6      | Reached * piety under Makhleb
  2056 | D:6      | Paralysed by Grinder for 7 turns
  2057 | D:6      | Killed Grinder
  2117 | D:6      | Found Fulim's General Store.
  2126 | D:6      | Bought a scroll of enchant weapon for 105 gold pieces
  2221 | D:6      | Reached skill level 5 in Fighting
  2565 | D:7      | Reached skill level 8 in Axes
  2718 | D:7      | Gained mutation: You passively map the area around you.
                  | [Deep Dwarf growth]
  2718 | D:7      | Reached XP level 9. HP: 49/81 MP: 11/11
  2762 | D:7      | Reached ** piety under Makhleb
  3326 | D:8      | Reached skill level 5 in Invocations
  3388 | D:8      | Reached skill level 9 in Axes
  3423 | D:8      | Noticed Grum
  3461 | D:8      | Killed Grum
  3546 | D:8      | Found Neul's Book Boutique.
  3920 | D:8      | Identified 3 scrolls of acquirement
  3920 | D:8      | Acquired the +14 obsidian axe {vorpal, +Fly SInv *Curse}
  3921 | D:8      | Found the +14 obsidian axe {vorpal, +Fly SInv *Curse}
  3923 | D:8      | Acquired the amulet "Demnumau" {Faith rC- MR+ Dex+2}
  3925 | D:8      | Acquired a +0 pair of boots of rampaging
  4016 | D:9      | Found Jiel Tiu's Book Shoppe.
  4071 | D:9      | Reached *** piety under Makhleb
  4075 | D:9      | Reached XP level 10. HP: 79/91 MP: 12/12
  4153 | D:9      | Reached skill level 10 in Axes
  4292 | D:9      | Cast into level 1 of the Abyss (orc)
  4437 | Abyss:1  | Noticed a sun demon
  4444 | Abyss:1  | Killed a sun demon
  4446 | D:9      | Escaped the Abyss
  4448 | D:9      | Reached **** piety under Makhleb
  4511 | D:9      | Noticed a two-headed ogre
  4518 | D:9      | Killed a two-headed ogre
  4518 | D:9      | Reached skill level 11 in Axes
  4652 | D:10     | Entered Level 10 of the Dungeon
  4652 | D:10     | Noticed a gargoyle
  4658 | D:10     | Killed a gargoyle
  4783 | D:10     | Noticed an unseen horror
  4791 | D:10     | Killed an unseen horror
  4791 | D:10     | Reached XP level 11. HP: 100/100 MP: 14/14
  4890 | D:10     | Found a staircase to the Lair.
  4914 | D:10     | Reached ***** piety under Makhleb
  5195 | D:11     | Noticed a red ugly thing
  5199 | D:11     | Killed a red ugly thing
  5207 | D:11     | Found a staircase to the Orcish Mines.
  5548 | D:11     | Noticed a white ugly thing
  5555 | D:11     | Killed a white ugly thing
  5581 | D:11     | Reached skill level 12 in Axes
  5583 | D:11     | Reached skill level 1 in Evocations
  5678 | D:11     | Noticed Psyche
  5685 | D:11     | Killed Psyche
  5727 | D:11     | Found a runed translucent gate.
  5727 | D:11     | Found an opulent altar of Gozag.
  5729 | D:11     | Found a runed translucent gate.
  5729 | D:11     | Found a runed translucent gate.
  5729 | D:11     | Noticed a two-headed ogre
  5729 | D:11     | Noticed Aliaxzyxt's ghost (journeyman DrCj)
  5729 | D:11     | Noticed a tengu reaver
  5949 | Orc:1    | Entered Level 1 of the Orcish Mines
  5949 | Orc:1    | Noticed an orc knight
  5959 | Orc:1    | Killed an orc knight
  6253 | Orc:2    | Entered Level 2 of the Orcish Mines
  6253 | Orc:2    | Found Bunt's General Store.
  6253 | Orc:2    | Noticed an orc high priest
  6253 | Orc:2    | Noticed an orc knight
  6256 | Orc:2    | Noticed an orc sorcerer
  6258 | Orc:2    | Noticed a sixfirhy
  6261 | Orc:2    | Killed an orc high priest
  6262 | Orc:2    | Noticed an orc knight
  6264 | Orc:2    | Killed an orc knight
  6266 | Orc:2    | Killed an orc sorcerer
  6266 | Orc:2    | Reached XP level 12. HP: 111/111 MP: 15/17
  6297 | Orc:2    | Reached ****** piety under Makhleb
  6383 | Orc:2    | Found a staircase to the Elven Halls.
  6413 | Orc:2    | Found a roughly hewn altar of Beogh.
  6418 | Orc:2    | Found Supiol's Antique Armour Shoppe.
  6418 | Orc:2    | Noticed an orc warlord
  6418 | Orc:2    | Noticed an orc high priest
  6781 | Orc:2    | Killed an orc high priest
  6800 | Orc:2    | Noticed an orc high priest
  6810 | Orc:2    | Killed an orc high priest
  6810 | Orc:2    | Reached skill level 13 in Axes
  6810 | Orc:2    | Reached skill level 10 in Invocations
  6836 | Orc:2    | Found Cij Roet's Antique Weapon Boutique.
  6843 | Orc:2    | Noticed an orc high priest
  6857 | Orc:2    | Killed an orc high priest
  6863 | Orc:2    | Found Gaukhoocw's General Store.
  6864 | Orc:2    | Killed an orc warlord
  6864 | Orc:2    | Reached skill level 5 in Evocations
  6874 | Orc:2    | Reached skill level 10 in Armour
  6876 | Orc:2    | Found Tewnunow's Book Emporium.
  6898 | Orc:2    | Noticed a two-headed ogre
  6903 | Orc:2    | Killed a two-headed ogre
  7149 | Orc:2    | Bought the +7 chain mail "Kaceobye" {rElec Str+3 Dex+3} for
                  | 1057 gold pieces
  7149 | Orc:2    | Bought a scroll of teleportation for 48 gold pieces
  7180 | Orc:2    | Bought a scroll of teleportation for 51 gold pieces
  7180 | Orc:2    | Bought a scroll of teleportation for 51 gold pieces
  7390 | D:12     | Reached skill level 10 in Shields
  7466 | D:12     | Noticed Maurice
  7469 | D:12     | Killed Maurice
  7479 | D:12     | Noticed a death knight
  7485 | D:12     | Killed a death knight
  7537 | D:12     | Reached XP level 13. HP: 103/121 MP: 12/12
  7679 | D:12     | Found a roughly hewn altar of Beogh.
  7972 | Lair:1   | Entered Level 1 of the Lair of Beasts
  8447 | Lair:2   | Found a stormy altar of Qazlal.
  8455 | Lair:2   | Reached skill level 10 in Fighting
  8899 | Lair:3   | Reached skill level 14 in Axes
  9295 | Lair:3   | Found a staircase to the Snake Pit.
  9390 | Lair:3   | Acquired 380 gold pieces
  9414 | Lair:4   | Found a staircase to the Swamp.
  9491 | Lair:4   | You fall into a shaft and drop 2 floors!
  9491 | Lair:6   | Entered Level 6 of the Lair of Beasts
  9766 | Lair:4   | Gained mutation: You resist negative energy. (rN+) [Deep
                  | Dwarf growth]
  9766 | Lair:4   | Reached XP level 14. HP: 133/133 MP: 14/14
 10379 | Lair:4   | Found the +8 whip "Snakebite" {curare, rPois}
 10590 | Snake:1  | Entered Level 1 of the Snake Pit
 10997 | D:13     | Found a shimmering altar of Xom.
 11808 | D:14     | Reached skill level 15 in Axes
 11864 | D:14     | Found a gate to the Vaults.
 12498 | D:15     | Entered Level 15 of the Dungeon
 12638 | D:15     | Found a staircase to the Depths.
 13489 | Snake:2  | Found Rosuefes's Jewellery Emporium.
 13813 | Snake:3  | Reached XP level 15. HP: 144/144 MP: 16/16
 13866 | Snake:4  | Entered Level 4 of the Snake Pit
 13940 | Snake:4  | Found Hupeixke's Gadget Boutique.
 13941 | Snake:4  | Found Voulinay's Jewellery Shoppe.
 13942 | Snake:4  | Found Akeycream's Gadget Boutique.
 13957 | Snake:4  | Bought a wand of acid (11) for 360 gold pieces
 13959 | Snake:4  | Bought a +4 ring of protection for 468 gold pieces
 13960 | Snake:4  | Bought an uncursed ring of protection from cold for 325
                  | gold pieces
 14324 | Snake:4  | Noticed a nagaraja
 14328 | Snake:4  | Noticed a nagaraja
 14341 | Snake:4  | Killed a nagaraja
 14343 | Snake:4  | Killed a nagaraja
 14384 | Snake:4  | Reached skill level 10 in Evocations
 14391 | Snake:4  | Reached skill level 16 in Axes
 14442 | Snake:4  | Noticed a nagaraja
 14450 | Snake:4  | Noticed a nagaraja
 14452 | Snake:4  | Noticed a nagaraja
 14456 | Snake:4  | Killed a nagaraja
 14462 | Snake:4  | Killed a nagaraja
 14462 | Snake:4  | Killed a nagaraja
 14494 | Snake:4  | Noticed a nagaraja
 14502 | Snake:4  | Killed a nagaraja
 14516 | Snake:4  | Got a serpentine rune of Zot
 14605 | Snake:3  | Found Rosiezofra's Gadget Shoppe.
 14623 | Snake:3  | Bought a condenser vane (2/2) for 220 gold pieces
 14730 | Swamp:1  | Entered Level 1 of the Swamp
 14915 | Swamp:1  | Noticed Kirke
 14931 | Swamp:1  | Killed Kirke
 15216 | Swamp:3  | Reached XP level 16. HP: 156/156 MP: 18/18
 15419 | Swamp:4  | Entered Level 4 of the Swamp
 15907 | Swamp:4  | Reached skill level 17 in Axes
 15940 | Swamp:4  | Noticed a bone dragon
 15985 | Swamp:4  | Killed a bone dragon
 16056 | Swamp:4  | Found the +7 mace of Variability {chain chaos}
 16072 | Swamp:4  | Got a decaying rune of Zot
 16106 | Swamp:3  | Noticed Louise
 16124 | Swamp:3  | Killed Louise
 16461 | D:10     | Cast into level 3 of the Abyss (unwielding a weapon of
                  | distortion)
 16461 | Abyss:3  | Found a corrupted altar of Lugonu.
 16675 | Abyss:3  | Noticed a tentacled starspawn
 16676 | Abyss:3  | Noticed a tentacled starspawn
 16684 | Abyss:3  | Killed a tentacled starspawn
 16685 | Abyss:3  | Killed a tentacled starspawn
 16696 | Abyss:3  | Paralysed by accursed screaming for 1 turns
 16730 | Abyss:3  | Got an abyssal rune of Zot
 16741 | D:10     | Escaped the Abyss
 16929 | Depths:1 | Entered Level 1 of the Depths
 17122 | Depths:1 | Found an iron altar of Okawaru.
 17256 | Depths:1 | Found a gateway to Hell.
 17336 | Depths:2 | Reached XP level 17. HP: 166/166 MP: 19/19
 17454 | Depths:4 | Reached skill level 18 in Axes
 17581 | Depths:5 | Entered Level 5 of the Depths
 17600 | Depths:5 | Found Qutatoet's Distillery.
 17600 | Depths:5 | Found Qeaps's Jewellery Shop.
 17608 | Depths:5 | Bought a potion of resistance for 170 gold pieces
 17637 | Depths:5 | Reached skill level 15 in Invocations
 17645 | Depths:5 | Noticed Jory
 17665 | Depths:5 | Killed Jory
 17919 | Depths:5 | Reached skill level 15 in Fighting
 18001 | Depths:5 | Found a gate to the Realm of Zot.
 18001 | Depths:5 | Noticed a golden dragon
 18009 | Depths:5 | HP: 8/170 [red draconian annihilator/iron shot (42)]
 18009 | Depths:5 | Mangled by a golden dragon

Illustrated notes

Levels and vault maps discovered:
D:1:      arrival_aquarium_b, layout_basic
D:2:      minmay_roachtagon, layout_basic
D:3:      layout_loops_cross, lemuel_round_altar, ebering_ghost_rock_garden,
          serial_glass, glass_columns_c, glass_columns_b, glass_columns_a,
          kennysheep_another_room, nrook_mini_vaults, uniq_robin
D:4:      layout_loops_ring, serial_shops, shop, minmay_misc_feat_enclosed,
          nrook_mini_backslash
D:5:      layout_basic, temple_green
D:6:      layout_basic, serial_shops, shop, uniq_grinder
D:7:      layout_loops_ring
D:8:      layout_basic, serial_glass, glass_columns_a, glass_columns_c,
          serial_shops, kennysheep_mini, uniq_grum
D:9:      layout_roguey, serial_shops, shop
D:10:     layout_cross, erik_lair_orcish_takeover
D:11:     layout_stronghold, orc_0_dummy, ebering_ghost_gozag, minivault_25_ag,
          uniq_psyche
D:12:     layout_roguey [special_room_orc], minmay_statues_item, uniq_maurice
D:13:     layout_long_grid, xom_confusion_cloud
D:14:     layout_loops_ring, david_vaults_2
D:15:     grunt_enter_depths_snipers, layout_basic, minmay_door_square
Temple:   kilobyte_greek_temple
Lair:1:   beast_lair_carwin_large_2, layout_regular_city
Lair:2:   dpeg_oklob_shooting_range, layout_gridlike, minivault_11,
          wad_woods_road_02, minivault_19, fungi_pond_lemuel,
          minmay_stone_trees_medium, lemuel_centaur_altar, lemuel_fruit_tree
Lair:3:   layout_misc_corridors, minmay_snake_entry_spellcaster,
          grunt_megastairs_5
Lair:4:   minmay_guarded_unrand_snakebite, layout_concentric_octagons,
          skrybe_swamp_entry_bodies, grunt_megastairs_2
Lair:5:   layout_regular_city, grunt_megastairs_3
Lair:6:   wormcave, layout_small_grid, hangedman_lair_caniforms_friends,
          minmay_slime_entry_oklob_enclosed, grunt_megastairs_1,
          infiniplex_staircase_pool
Swamp:1:  layout_basic_swamp, infiniplex_staircase_pool_2,
          cheibrodos_swamp_slimy, uniq_kirke
Swamp:2:  layout_falls_marsh, portal_ice_cave_entry_pillars_three,
          evilmike_swamp_ruin_house_6
Swamp:3:  layout_falls_marsh, hangedman_swamp_lotus, uniq_louise
Swamp:4:  swamp_pestilence, layout_basic_swamp
Snake:1:  layout_concentric_octagons, minmay_shop_mass
Snake:2:  layout_cave_pods, serial_shops, shop
Snake:3:  layout_basic, serial_shops, shop
Snake:4:  minmay_snake_end_coiled, layout_cave_town, nicolae_snake_shapes,
          minmay_shop_grove
Orc:1:    layout_diamond_mine
Orc:2:    grunt_orc_gardens, layout_caves, grunt_orc_garden, grunt_orc_garden,
          grunt_orc_garden, grunt_orc_garden, serial_shops, shop,
          lemuel_statue_altar
Depths:1: layout_honeycomb, hell_entry, abyss_entry, okawaru_ov_weapons_minmay,
          uniq_bai_suzhen
Depths:2: hangedman_pleasuredromes, serial_shops, hell_entry
Depths:3: minmay_the_grid_octo_tiled_squarecenter
          [minmay_the_grid_octo_thin_diamonds, minmay_the_grid_octo_clover_2,
          minmay_the_grid_octo_clover, minmay_the_grid_octo_tetromino_candy,
          minmay_the_grid_square_5x5_megaprize_crossed,
          minmay_the_grid_square_5x5_shrine2,
          minmay_the_grid_square_5x5_gyroscope, minmay_the_grid_square_5x5_meh,
          minmay_the_grid_square_5x5_checkered], layout_basic, enter_ziggurat_c,
          pan_entry, grunt_mini_vestibule, nemelex_xobeh_ov_fountains_minmay,
          uniq_margery
Depths:4: little_maze_vault, layout_cave_pools, abyss_entry_small_statue_room,
          rand_demon_pan_entry_1, corexii_leaking_fountain,
          pf_dread_powers_of_hell, kennysheep_random_hallway,
          minmay_staircase_statues_hall_small, firewood_loft
Depths:5: grunt_zot_entry_hairpin, layout_cave_pools, hellmouth_1,
          minmay_misc_feat_plants, minmay_shoptagon, uniq_jory

Skill      XL: |  1  2  3  4  5  6  7  8  9 10 11 12 13 14 15 16 17 |
---------------+----------------------------------------------------+-----
Axes           | 3 4 5 6 8 9 11 12 13 14 15 16 17 18 | 18.0
Fighting       | 3 4 5 6 7 8 9 10 11 13 14 15 | 15.1
Shields        | 4 5 6 7 8 9 10 11 12 13 14 | 14.0
Armour         | 4 5 6 7 8 9 10 11 12 13 14 | 14.1
Invocations    | 2 4 6 7 9 10 11 12 13 14 15 | 15.5
Evocations     | 3 5 7 9 10 | 10.0

Action                   |  1- 3 |  4- 6 |  7- 9 | 10-12 | 13-15 | 16-18 || total
-------------------------+-------+-------+-------+-------+-------+-------++-------
Melee: War axe           |    62 |   122 |   226 |       |       |       ||   410
       Hand axe          |       |    18 |   108 |       |       |       ||   126
       Broad axe         |       |       |    13 |   366 |   846 |   686 ||  1911
Invok: Lesser Servant of |       |       |       |     7 |     2 |       ||     9
       Greater Servant o |       |       |       |       |     2 |     2 ||     4
 Abil: Heal Wounds       |       |     3 |     7 |    15 |     6 |    22 ||    53
Evoke: Tin of tremorston |       |       |       |     3 |     1 |       ||     4
       Wand              |       |       |       |     3 |       |       ||     3
       Condenser vane    |       |       |       |       |       |     1 ||     1
  Use: Scroll            |       |       |    21 |     1 |    22 |     3 ||    47
       Potion            |       |       |       |       |     1 |     3 ||     4
 Stab: Distracted        |       |       |       |     6 |     8 |     5 ||    19
Armor: Scale mail        |    27 |    78 |    84 |       |       |       ||   189
       Chain mail        |       |       |    67 |       |   232 |   543 ||   842
       Plate armour      |       |       |     8 |   168 |   284 |       ||   460
Dodge: Dodged            |    14 |    50 |    88 |    68 |   200 |   175 ||   595
Block: Kite shield       |    32 |    80 |   270 |   215 |   604 |   282 ||  1483
       Reflection        |       |       |     2 |       |       |       ||     2
       Tower shield      |       |       |       |       |       |   297 ||   297

Table legend: (Time is in decaauts)
 A = Elapsed time spent in this place.
 B = Non-inter-level travel time spent in this place.
 C = Inter-level travel time spent in this place.
 D = Time resting spent in this place.
 E = Time spent auto-exploring this place.
 F = Levels seen in this place.
 G = Mean time per level.
                   A        B        C        D        E       F      G
               +--------+--------+--------+--------+--------+-----+--------+
         Total |  18131 |  15979 |   2152 |    230 |  11213 |  39 |  464.9 |
       Dungeon |   9159 |   8249 |    910 |     26 |   6212 |  15 |  610.6 |
        Temple |    157 |    120 |     37 |      0 |    107 |   1 |  157.0 |
          Lair |   3035 |   2586 |    449 |      0 |   2107 |   6 |  505.8 |
         Swamp |   1726 |   1478 |    248 |      4 |    756 |   4 |  431.5 |
     Snake Pit |   1219 |    985 |    234 |      0 |    648 |   4 |  304.8 |
  Orcish Mines |   1371 |   1163 |    208 |     98 |    752 |   2 |  685.5 |
        Depths |   1020 |    955 |     65 |    100 |    460 |   5 |  204.0 |
         Abyss |    440 |    440 |      0 |      2 |    170 |   2 |  220.0 |
               +--------+--------+--------+--------+--------+-----+--------+

Top non-repeatable levels by time:
  Lair:4: 1004 daAuts
   Orc:2: 999 daAuts
    D:13: 997 daAuts
    D:11: 936 daAuts
  Lair:2: 824 daAuts
     D:8: 819 daAuts
     D:5: 815 daAuts
 Swamp:4: 778 daAuts
    D:12: 743 daAuts
    D:14: 734 daAuts
 Snake:4: 715 daAuts
    D:15: 670 daAuts
  Lair:3: 653 daAuts
     D:7: 651 daAuts
     D:4: 626 daAuts
